 Dungeon Crawl Stone Soup version 0.25.1-9-gc5326a611f (webtiles) character file.

Game seed: 17562560271018609652

90 RETERIOR the Chiller (level 4, -6/33 HPs)
             Began as a Draconian Ice Elementalist on Jan 2, 2021.
             Killed by nerve-wracking pain
             ... invoked by Grinder
              (9 damage)
             ... while paralysed by Grinder
             ... on level 3 of the Dungeon.
             The game lasted 00:08:41 (1925 turns).

RETERIOR the Chiller (Draconian Ice Elementalist)   Turns: 1925, Time: 00:08:41

Health: -6/33      AC:  5    Str: 11    XL:     4   Next: 32%
Magic:  1/8        EV:  2    Int: 16    God:
Gold:   178        SH:  0    Dex: 11    Spells: 7/8 levels left

rFire    . . .     SeeInvis .   d - +0 short sword
rCold    . . .     Gourm    .   (no shield)
rNeg     . . .     Faith    .   (armour unavailable)
rPois    .         Spirit   .   (helmet restricted)
rElec    .         Reflect  .   (no cloak)
rCorr    .         Harm     .   (no gloves)
MR       .....                  (no boots)
Stlth    ++........             (no amulet)
HPRegen  0.11/turn              (no ring)
MPRegen  0.11/turn              (no ring)

@: paralysed
A: unfitting armour, cold-blooded, AC +5
a: no special abilities


You were on level 3 of the Dungeon.
You were hungry.

You visited 1 branch of the dungeon, and saw 3 of its levels.

You collected 178 gold pieces.

Inventory:

Hand Weapons
 d - a +0 short sword (weapon)
Scrolls
 e - 2 scrolls of identify {unknown}
 f - 2 scrolls of teleportation {unknown}
 g - 3 scrolls of fog {unknown}
 j - a scroll of enchant armour {unknown}
Potions
 a - a potion of curing {unknown}
 c - a potion of lignification {unknown}
 h - a potion of degeneration {unknown}
Comestibles
 b - 2 rations


   Skills:
 + Level 0.7 Short Blades
 + Level 2.0 Dodging
 + Level 2.0 Stealth
 + Level 0.5 Unarmed Combat
 + Level 2.8 Spellcasting
 + Level 4.9 Ice Magic


You had 7 spell levels left.
You knew the following spells:

 Your Spells              Type           Power        Failure   Level  Hunger
a - Freeze                Ice            ###.         2%          1    #......

Your spell library contained the following spells:

 Spells                   Type           Power        Failure   Level  Hunger
 Frozen Ramparts          Ice            ###...       8%          3    ###....
 Ozocubu's Armour         Chrm/Ice       ##......     21%         3    ###....
 Hailstorm                Conj/Ice       ##......     56%         4    #####..
 Summon Ice Beast         Ice/Summ       ##......     56%         4    #####..


Dungeon Overview and Level Annotations

Branches:
Dungeon (3/15)

Altars:
Cheibriados

Annotations:
D:3 Grinder


Innate Abilities, Weirdness & Mutations

Your plain brown scales are hard. (AC +5)
You cannot fit into any form of body armour.
You are cold-blooded and may be slowed by cold attacks.


Message History

Press: ? - help, Shift-Dir - straight line, f/p - Grinder
Aim: Grinder (moderately wounded) Grinder completely resists.
You freeze Grinder but do no damage.
You are feeling hungry.
Grinder hits you!
You writhe in agony.
* * * LOW HITPOINT WARNING * * *
Grinder blinks!
Grinder gestures at you. You resist with significant effort.
Grinder is nearby!
There's nothing to open nearby.
You close the door.
Grinder gestures at you.
You suddenly lose the ability to move!
Grinder gestures at you. Pain shoots through your body!
* * * LOW HITPOINT WARNING * * *
Grinder gestures at you. Pain shoots through your body!
You die...

#...........#
+...........+
#...........#
#.....5.....#
#...........#
+...........#
#........†..#####
####+###5........
#.@....#######
####....)#
#.#.#.###
#.#(#...#
#.#.###.#
#...#...#
#####.### #####.#
#.....#


You could see Grinder.

Vanquished Creatures
  3 adders (D:2)
  2 oozes (D:1)
  A worm (D:2)
  3 dart slugs
  3 leopard geckos
  An orc (D:3)
  5 bats
  2 giant cockroaches (D:1)
  4 goblins
  4 hobgoblins (D:2)
  2 jackals (D:1)
  A quokka (D:2)
  3 frilled lizards
  3 kobolds
  6 rats
43 creatures vanquished.

Notes
Turn   | Place    | Note
-------+----------+-------------------------------------------
     0 | D:1      | RETERIOR the Draconian Ice Elementalist began the quest for
                  | the Orb.
     0 | D:1      | Reached XP level 1. HP: 14/14 MP: 3/3
   153 | D:1      | Reached XP level 2. HP: 14/20 MP: 3/5
   461 | D:1      | Reached XP level 3. HP: 26/26 MP: 3/6
  1235 | D:2      | Reached XP level 4. HP: 32/33 MP: 5/8
  1362 | D:2      | Found a snail-covered altar of Cheibriados.
  1875 | D:3      | Noticed Grinder
  1905 | D:3      | Paralysed by Grinder for 5 turns
  1923 | D:3      | Paralysed by Grinder for 5 turns
  1925 | D:3      | Killed from afar by Grinder

Illustrated notes

Levels and vault maps discovered:
D:1:      lemuel_arrival_behind_the_door_small, layout_basic, minmay_tromino_i4
D:2:      layout_loops_cross, kennysheep_slug_shrine
D:3:      layout_basic, first_ration, hex_large, trog_hazing_becter,
          uniq_sigmund, uniq_grinder

Skill      XL: |  1  2  3  4 |
---------------+-------------+-----
Stealth        | 2 |  2.0
Dodging        | 2 |  2.0
Short Blades   | |  0.7
Unarmed Combat | |  0.5
Spellcasting   | |  2.8
Ice Magic      | |  4.9

Action                   |  1- 3 |  4- 6 || total
-------------------------+-------+-------++-------
Melee: Unarmed           |    13 |       ||    13
       Tailslap          |     3 |     1 ||     4
       Short sword       |    19 |     8 ||    27
 Cast: Freeze            |    53 |    26 ||    79
  Eat: Ration            |     1 |       ||     1
Armor: Skin              |    15 |    10 ||    25
Dodge: Dodged            |    56 |    18 ||    74
